 Dungeon Crawl Stone Soup version 0.32-a0-656-g3542139ebd (webtiles) character file.

Game seed: 13243525451697623775

1885 ytrimaz the Cleaver (level 9, -3/75 HPs)
             Began as a Coglin Gladiator on Mar 9, 2024.
             Shot with an arrow by a centaur (8 damage)
             ... on level 6 of the Dungeon.
             The game lasted 00:04:42 (4984 turns).

ytrimaz the Cleaver (Coglin Gladiator)              Turns: 4984, Time: 00:04:43

Health: -3/75      AC:  4    Str: 19    XL:     9   Next: 14%
Magic:  9/9        EV: 12    Int:  8    God:
Gold:   391        SH:  0    Dex: 15    Spells: 8/8 levels left

rFire   . . .        a - +0 war axe (drain) {Theodoric}
rCold   . . .        m - +0 hand axe {Matia}
rNeg    . . .        b - +0 leather armour
rPois   .            c - +0 helmet
rElec   .            (no cloak)
rCorr   .            (no gloves)
SInv    .            (no boots)
Will    .....        (amulet unavailable)
Stlth   +            (ring unavailable)
HPRegen 0.32/turn    (ring unavailable)
MPRegen 0.11/turn    (no gizmo)

%: no passive effects
@: revving
A: off-hand wielding, slow wielding, warmup strikes, no jewellery
a: Invent Gizmo


You were on level 6 of the Dungeon.
You visited 1 branch of the dungeon, and saw 6 of its levels.

You collected 391 gold pieces.


Innate Abilities, Weirdness & Mutations

You can wield a second weapon in your off-hand.
It takes a long time for you to wield or remove held weapons.
Your first few attacks do less damage.
You cannot equip rings or amulets.


   Skills:
 + Level 8.5 Fighting
 + Level 8.8 Axes
 - Level 1.7 Throwing
 - Level 2.6 Dodging


You had 8 spell levels left.
You didn't know any spells.
Your spell library contained the following spells:

 Spells                   Type           Power      Damage    Failure   Level
 Static Discharge         Conj/Air       0%         3-3/arc   61%         2
 Airstrike                Air            0%         2d(0-16)  99%         4
 Summon Lightning Spire   Summ/Air       0%         N/A       99%         4

Inventory:

Hand Weapons
 a - a +0 war axe of draining (weapon) {Theodoric}
 f - a +0 dagger {Ernst}
 m - a +0 hand axe (offhand) {Matia}
   (You found it on level 2 of the Dungeon)
Missiles
 d - 3 throwing nets (quivered)
 e - a javelin
Armour
 b - a +0 leather armour (worn)
 c - a +0 helmet (worn)
Wands
 h - a wand of iceblast (8)
   (You found it on level 5 of the Dungeon)
 k - a wand of digging (5)
   (You found it on level 2 of the Dungeon)
Scrolls
 g - 3 scrolls of blinking
 j - 2 scrolls of fear
 l - 2 scrolls of enchant armour
 n - a scroll of amnesia {unknown}
 o - a scroll of fog {unknown}
 q - a scroll of revelation

Dungeon Overview and Level Annotations

Branches:
Dungeon (6/15) Zot: 26894
 Temple: D:4-7

Altars:
Dithmenos
Kikubaaqudgha
Trog
Uskayaw
Vehumet
Wu Jian

Annotations:
D:5 2 transporters

##..# .........
.....##........
##...!.........
#.....)))......
##...#...).....#
##....##..†.....#
##........##...#..
#......#..##...#
#...<.@....c.#
#............#
#..#.....o.c....
#...............
##.#....#......#
###...........#
##...........
######......


You could see 2 centaurs and an orc.


Message History

You take 1 damage, and now have 15/112 hp.
You cannot move.
You cannot move.
Unknown command.
You slash the ufetubus with your +0 war axe of draining!
You kill the ufetubus!
Your transformation is almost over.
You feel less wooden.
Your +0 helmet unmelds from your body.
Your +0 leather armour unmelds from your body.
An ufetubus comes into view. 😨 HP[+4]
You now have 75 max hp (-37).
You regained 4 hp, and now have 19/75 hp.
An ufetubus is nearby!
Unknown command.
An ufetubus is nearby!
Unknown command. 😨 HP[+1]
There are no items here.
You start resting.
An ufetubus is nearby!
Unknown command. 😨 HP[+2]
You regained 2 hp, and now have 22/75 hp.
An ufetubus is nearby!
Unknown command.
The ufetubus shouts!
An ufetubus comes into view.
The ufetubus shouts!
You hit the ufetubus but do no damage.
You closely miss the ufetubus with your +0 war axe of draining.
The ufetubus slips past you! The ufetubus hits you.
* * * LOW HITPOINT WARNING * * *
The ufetubus hits you but does no damage. 😨 HP[-1]
You take 1 damage, and now have 21/75 hp.
The ufetubus attacks as it pursues you! The ufetubus closely misses you.
The ufetubus misses you.
An orc comes into view. It is wielding a +0 hand axe. 😨 HP[+1]
The ufetubus barely misses you. The ufetubus closely misses you. x2
The ufetubus barely misses you.
Unknown command.
You closely miss the ufetubus with your +0 war axe of draining.
You barely miss the ufetubus with your +0 war axe of draining.
You hit the ufetubus but do no damage.
You closely miss the ufetubus with your +0 hand axe.
A centaur comes into view. It is wielding a +0 shortbow.
The ufetubus misses you.
The ufetubus hits you but does no damage.
The ufetubus barely misses you. The ufetubus hits you.
* * * LOW HITPOINT WARNING * * *
The ufetubus barely misses you. The ufetubus hits you.
* * * LOW HITPOINT WARNING * * *
😨 HP[-3]
You take 3 damage, and now have 19/75 hp.
Unknown command.
You miss the ufetubus with your +0 hand axe.
You barely miss the ufetubus with your +0 hand axe.
You barely miss the ufetubus with your +0 war axe of draining.
The centaur shouts!
You hit the ufetubus with your +0 war axe of draining.
You hear a shout!
The ufetubus hits you.
* * * LOW HITPOINT WARNING * * *
The ufetubus closely misses you.
The centaur shoots an arrow.
The arrow hits you.
* * * LOW HITPOINT WARNING * * *
A centaur comes into view.
The ufetubus barely misses you. x2; The ufetubus closely misses you.
The ufetubus hits you.
* * * LOW HITPOINT WARNING * * *
😱 HP[-6]
You take 6 damage, and now have 13/75 hp.
The ufetubus hits you.
* * * LOW HITPOINT WARNING * * *
The ufetubus hits you.
* * * LOW HITPOINT WARNING * * *
The ufetubus slips past you! The ufetubus hits you.
* * * LOW HITPOINT WARNING * * *
The ufetubus hits you but does no damage. 😱 HP[-6]
You take 6 damage, and now have 7/75 hp.
You closely miss the ufetubus with your +0 war axe of draining.
You barely miss the ufetubus with your +0 war axe of draining.
You hit the ufetubus with your +0 hand axe. x2
The ufetubus slips past you! The ufetubus hits you.
* * * LOW HITPOINT WARNING * * *
The ufetubus hits you but does no damage.
The ufetubus misses you. The ufetubus barely misses you.
The ufetubus closely misses you.
The ufetubus barely misses you. 😱 HP[-2]
You take 2 damage, and now have 5/75 hp.
You hit the ufetubus with your +0 hand axe.
You kill the ufetubus!
You hit the ufetubus with your +0 hand axe.
You kill the ufetubus!
The centaur shoots an arrow.
The arrow hits you!
You die...

Skill      XL: |  1  2  3  4  5  6  7  8 |
---------------+-------------------------+-----
Fighting       | 3 4 5 6 8 |  8.5
Axes           | 4 5 6 8 |  8.8
Throwing       | |  1.7
Dodging        | |  2.6

Action                     |  1- 3 |  4- 6 |  7- 9 || total
---------------------------+-------+-------+-------++-------
  Melee: War axe           |    78 |    42 |    80 ||   200
         Dagger            |    47 |       |       ||    47
         Hand axe          |    22 |    36 |    80 ||   138
    Use: Scroll            |     7 |       |       ||     7
         Potion            |       |     1 |     9 ||    10
   Stab: Sleeping          |     2 |     1 |     1 ||     4
 Armour: Leather armour    |    63 |    34 |    61 ||   158
         Skin              |       |     6 |    42 ||    48
  Dodge: Dodged            |    50 |    38 |    51 ||   139

Levels and vault maps discovered:
D:1:      onia_arrival_handbag, layout_basic, serial_glass, glass_columns_a,
          glass_columns_b, glass_columns_b, glass_columns_c, glass_columns_b,
          glass_columns_b, ebering_ecumenical_altar_sacrificial
D:2:      layout_loops_ring, item_on_display_a
D:3:      layout_basic, trog_three_pillars_becter,
          nicolae_overflow_crystal_walls, roderic_roman_lattice
D:4:      layout_loops_corners, mainiacjoe_overflow_alcove_1,
          kennysheep_vampire_church, kennysheep_mini_moat, uniq_menkaure
D:5:      gammafunk_steamed_eel, layout_basic, mainiacjoe_overflow_alcove_4,
          serial_bayou_lake_a
D:6:      layout_cave_pools, mainiacjoe_overflow_24_doors, marbit_many_paths,
          serial_shops, shop, minmay_ruffians

Notes
Turn   | Place    | Note
-------+----------+-------------------------------------------
     0 | D:1      | ytrimaz the Coglin Gladiator began the quest for the Orb.
     0 | D:1      | Reached XP level 1. HP: 16/16 MP: 1/1
     0 | D:1      | magus.rc [v1.9.6]
   102 | D:1      | Reached XP level 2. HP: 23/23 MP: 2/2
   152 | D:1      | Found a faded altar of an unknown god.
   428 | D:1      | Reached XP level 3. HP: 27/28 MP: 3/3
   874 | D:2      | Reached skill level 3 in Fighting
   876 | D:2      | HP: 7/29 [poisoned by an adder]
  1438 | D:3      | Found a bloodstained altar of Trog.
  1690 | D:3      | Found a radiant altar of Vehumet.
  2275 | D:4      | Noticed a scorpion
  2280 | D:4      | Killed a scorpion
  2281 | D:4      | Reached skill level 4 in Axes
  2281 | D:4      | Reached XP level 4. HP: 34/37 MP: 4/4
  2281 | D:4      | Reached XP level 5. HP: 39/42 MP: 5/5
  2381 | D:4      | Found a hide-covered altar of Uskayaw.
  2475 | D:4      | Found an ancient bone altar of Kikubaaqudgha.
  2485 | D:4      | Reached skill level 4 in Fighting
  2489 | D:4      | Reached skill level 5 in Axes
  2586 | D:4      | Reached XP level 6. HP: 33/49 MP: 6/6
  2898 | D:4      | Found a shadowy altar of Dithmenos.
  2928 | D:4      | Reached skill level 5 in Fighting
  3147 | D:4      | Noticed Menkaure
  3156 | D:4      | HP: 6/76 [Menkaure (15)]
  3159 | D:4      | Killed Menkaure
  3160 | D:4      | Reached skill level 6 in Axes
  3160 | D:4      | Reached XP level 7. HP: 7/56 MP: 7/7
  3512 | D:5      | Entered Level 5 of the Dungeon
  3718 | D:5      | You pick up a book of Storms and begin reading...
  3718 | D:5      | You add the spells Static Discharge, Airstrike and Summon
                  | Lightning Spire to your library.
  3793 | D:5      | HP: 12/57 [poisoned by a water moccasin]
  3794 | D:5      | Reached skill level 6 in Fighting
  3794 | D:5      | HP: 5/58 [poisoned by a water moccasin]
  3799 | D:5      | HP: 13/87 [poisoned by a water moccasin]
  3804 | D:5      | HP: 6/87 [poisoned by a water moccasin]
  3810 | D:5      | HP: 3/87 [poisoned by a water moccasin]
  3813 | D:5      | HP: 1/87 [poisoned by a water moccasin]
  4150 | D:5      | Found a transporter.
  4170 | D:5      | Reached XP level 8. HP: 65/65 MP: 8/8
  4203 | D:5      | Found a transporter.
  4246 | D:5      | Found an ornate altar of the Wu Jian Council.
  4294 | D:5      | Reached skill level 7 in Axes
  4301 | D:5      | HP: 14/65 [poisoned by a scorpion]
  4306 | D:5      | HP: 8/65 [poisoned by a scorpion]
  4871 | D:6      | Noticed a hornet
  4875 | D:6      | Reached skill level 7 in Fighting
  4879 | D:6      | Reached skill level 8 in Axes
  4880 | D:6      | HP: 19/102 [hornet (10)]
  4881 | D:6      | HP: 8/102 [human/+0 club (4)]
  4886 | D:6      | Reached skill level 8 in Fighting
  4888 | D:6      | Killed a hornet
  4889 | D:6      | Reached XP level 9. HP: 11/75 MP: 9/9
  4892 | D:6      | HP: 5/112 [iguana (7)]
  4936 | D:6      | HP: 15/112 [ufetubus (2)]
  4981 | D:6      | HP: 17/75 [ufetubus (3)]
  4982 | D:6      | HP: 8/75 [ufetubus (4)]
  4984 | D:6      | Shot with an arrow by a centaur

Vanquished Creatures
  A hornet (D:6)
  4 humans (D:6)
  Menkaure (D:4)
  A water moccasin (D:5)
  An ice beast (D:5)
  A phantom (D:4)
  5 scorpions
  2 vampire bats (D:4)
  An orc priest (D:5)
  A jelly (D:4)
  2 sleepcaps
  5 iguanas
  3 adders
  A white imp (D:5)
  4 ufetubi (D:6)
  2 dart slugs
  A ribbon worm (D:3)
  3 orcs
  3 bat skeletons (D:4)
  2 bat zombies (D:4)
  3 endoplasms
  A giant cockroach (D:1)
  6 hobgoblins
  6 jackals
  A quokka (D:5)
  13 ball pythons
  3 frilled lizards
  6 goblins
  4 kobolds (D:1)
  8 rats
95 creatures vanquished.

Table legend:
 A = Non-vault XP
 B = Vault XP
 C = Vault XP percentage of total XP
 D = Non-vault monster count
 E = Vault monster count
 F = Vault count percentage of total count
                 A         B        C        D         E       F
            +---------+---------+-------+---------+---------+-------
      Total |    1603 |    1107 |  40.8 |      79 |      16 |  16.8
            +---------+---------+-------+---------+---------+-------
        D:1 |      32 |       7 |  17.9 |      19 |       4 |  17.4
        D:2 |      22 |       0 |   0.0 |       8 |       0 |   0.0
        D:3 |      20 |       0 |   0.0 |      13 |       0 |   0.0
        D:4 |     378 |     300 |  44.2 |      12 |       8 |  40.0
        D:5 |     700 |       0 |   0.0 |      18 |       0 |   0.0
        D:6 |     451 |     800 |  63.9 |       9 |       4 |  30.8
            +---------+---------+-------+---------+---------+-------

Skill      XL: |  1  2  3  4  5  6  7  8 |
---------------+-------------------------+-----
Fighting       | 3 4 5 6 8 |  8.5
Axes           | 4 5 6 8 |  8.8
Throwing       | |  1.7
Dodging        | |  2.6

Action                     |  1- 3 |  4- 6 |  7- 9 || total
---------------------------+-------+-------+-------++-------
  Melee: War axe           |    78 |    42 |    80 ||   200
         Dagger            |    47 |       |       ||    47
         Hand axe          |    22 |    36 |    80 ||   138
    Use: Scroll            |     7 |       |       ||     7
         Potion            |       |     1 |     9 ||    10
   Stab: Sleeping          |     2 |     1 |     1 ||     4
 Armour: Leather armour    |    63 |    34 |    61 ||   158
         Skin              |       |     6 |    42 ||    48
  Dodge: Dodged            |    50 |    38 |    51 ||   139

Illustrated notes

Table legend:
 A = Kills in this place as a percentage of kills in the entire game.
 B = Kills by you in this place as a percentage of kills by you in the entire game.
 C = Kills by friends in this place as a percentage of kills by friends in the entire game.
 D = Other kills in this place as a percentage of other kills in the entire game.
 E = Experience gained in this place as a percentage of experience gained in the entire game.
 F = Experience gained in this place divided by the number of levels of this place that you have seen.
                   A       B       C       D       E      F
               +-------+-------+-------+-------+-------+----------------------
         Total | 100.0 | 100.0 |   N/A |   N/A | 100.0 | 451.7
       Dungeon | 100.0 | 100.0 |   N/A |   N/A | 100.0 | 451.7
               +-------+-------+-------+-------+-------+----------------------

Table legend: (Time is in decaauts)
 A = Elapsed time spent in this place.
 B = Non-inter-level travel time spent in this place.
 C = Inter-level travel time spent in this place.
 D = Time resting spent in this place.
 E = Time spent auto-exploring this place.
 F = Levels seen in this place.
 G = Mean time per level.
                   A        B        C        D        E       F      G
               +--------+--------+--------+--------+--------+-----+--------+
         Total |   4980 |   4898 |     82 |    149 |   4074 |   6 |  830.0 |
       Dungeon |   4980 |   4898 |     82 |    149 |   4074 |   6 |  830.0 |
               +--------+--------+--------+--------+--------+-----+--------+

Top non-repeatable levels by time:
     D:5: 1341 daAuts
     D:4: 1282 daAuts
     D:3: 819 daAuts
     D:2: 763 daAuts
     D:1: 667 daAuts
     D:6: 104 daAuts
